 Dungeon Crawl Stone Soup version 0.29-a0-233-g1125b37a9b (webtiles) character file.

Game seed: 4408488084706822754

147004 spaghetti the Spry (level 17, -4/184 (193) HPs)
             Began as an Octopode Fighter on Mar 1, 2022.
             Was an Initiate of Gozag.
             Killed by the raging water
             ... invoked by a water nymph
              (25 damage)
             ... on level 4 of the Shoals.
             The game lasted 01:02:40 (36847 turns).

spaghetti the Spry (Octopode Fighter)              Turns: 36847, Time: 01:02:41

HP:   -4/184 (193)  AC:  1    Str: 29    XL:     17   Next: 45%
MP:   0/17          EV: 50    Int:  9    God:    Gozag
Gold: 1259          SH: 11    Dex: 32    Spells: 16/16 levels left

rFire   + . .      SeeInvis .   X - +9 hand axe "Jytausas" {vorpal, rF+ Int-4 Stlth+, axe}
rCold   + . .      Faith    .   a - +1 buckler
rNeg    . . .      Spirit   +   (helmet restricted)
rPois   .          Reflect  .   t - amulet "Rygrir" {Spirit Int+3 Slay+3}
rElec   +          Harm     .   i - +4 ring of slaying
rCorr   .          Rampage  .   E - +6 ring of dexterity
Will    +....                   w - +6 ring of dexterity
Stlth   ..........              v - +4 ring of slaying
HPRegen 0.40/turn               M - +6 ring of strength
MPRegen 0.15/turn               G - ring of Kiproh {rElec rC+ Str+6}
                                l - ring of the Hare {EV+8}
                                y - +4 ring of evasion

@: mighty, berserking (expiring), gold aura, lightly drained, invisible
(expiring), very quick
A: almost no armour, amphibious, 8 rings, camouflage 1, gelatinous body 1,
nimble swimmer 1, tentacles, agile 1, mutation resistance 1
a: Renounce Religion, Potion Petition, Call Merchant, Bribe Branch


You were on level 4 of the Shoals.
You worshipped Gozag.
Gozag was most pleased with you.
You visited 4 branches of the dungeon, and saw 27 of its levels.
You also visited: Sewer.

You collected 10497 gold pieces.
You spent 3522 gold pieces at shops.
You paid 5716 gold pieces to Gozag.


Innate Abilities, Weirdness & Mutations

You cannot wear most types of armour.
You are amphibious.
You can wear up to eight rings at the same time.
Your skin changes colour to match your surroundings (Stealth+).
Your rubbery body absorbs attacks. (AC +1, EV +1)
You are camouflaged when in or above water. (Stealth+)
You have tentacles for arms and can constrict up to eight enemies at once.
You are agile. (Dex +2)
You are somewhat resistant to further mutation.


   Skills:
 + Level 16.1 Fighting
 - Level 1.0 Axes
 - Level 8.0 Throwing
 + Level 20.4 Dodging
 - Level 15.6 Shields
 - Level 2.0 Unarmed Combat


You had 16 spell levels left.
You didn't know any spells.
Your spell library contained the following spells:

 Spells                   Type           Power      Damage    Failure   Level
 Animate Skeleton         Necr           0%         N/A       41%         1
 Freeze                   Ice            0%         1d3       41%         1
 Pain                     Necr           0%         1d4       41%         1
 Sandblast                Erth           0%         2d4       41%         1
 Sting                    Tmut/Pois      0%         1d3       41%         1
 Summon Small Mammal      Summ           0%         N/A       41%         1
 Ensorcelled Hibernation  Hex/Ice        0%         N/A       56%         2
 Passwall                 Tmut/Erth      0%         N/A       56%         2
 Poisonous Vapours        Pois/Air       0%         N/A       56%         2
 Confusing Touch          Hex            0%         N/A       80%         3
 Frozen Ramparts          Ice            0%         1d2       80%         3
 Inner Flame              Hex/Fire       0%         N/A       80%         3
 Stone Arrow              Conj/Erth      0%         3d7       80%         3
 Tukima's Dance           Hex            0%         N/A       80%         3
 Vampiric Draining        Necr           0%         2d6       80%         3
 Cause Fear               Hex            0%         N/A       99%         4
 Fulminant Prism          Conj/Hex       0%         3d6       99%         4
 Hailstorm                Conj/Ice       0%         3d3       99%         4
 Iskenderun's Mystic Bla  Conj/Tloc      0%         2d3       99%         4
 Leda's Liquefaction      Hex/Erth       0%         N/A       99%         4
 Olgreb's Toxic Radiance  Pois           0%         N/A       99%         4
 Summon Ice Beast         Ice/Summ       0%         N/A       99%         4
 Summon Lightning Spire   Summ/Air       0%         N/A       99%         4
 Lee's Rapid Deconstruct  Erth           0%         3d5*      100%        5
 Summon Forest            Summ/Tloc      0%         N/A       100%        5
 Summon Mana Viper        Hex/Summ       0%         N/A       100%        5
 Yara's Violent Unravell  Hex/Tmut       0%         3d3       100%        5
 Statue Form              Tmut/Erth      0%         N/A       100%        6
 Summon Cactus Giant      Summ           0%         N/A       100%        6
 Enfeeble                 Hex            0%         N/A       100%        7
 Monstrous Menagerie      Summ           0%         N/A       100%        7
 Storm Form               Tmut/Air       0%         N/A       100%        7
 Discord                  Hex            0%         N/A       100%        8
 Lehudib's Crystal Spear  Conj/Erth      0%         10d2      100%        8
 Maxwell's Capacitive Co  Air            0%         ∞         100%        8
 Necromutation            Tmut/Necr      0%         N/A       100%        8
 Dragon's Call            Summ           0%         N/A       100%        9

Inventory:

Hand Weapons
 J - a +1 antimagic demon trident {polearm}
   (You took it off a merfolk impaler on level 2 of the Shoals)
 N - a +0 broad axe of electrocution {axe}
   (You acquired it on level 13 of the Dungeon)
 X - the +9 hand axe "Jytausas" (weapon) {vorpal, rF+ Int-4 Stlth+, axe}
   (You found it on level 9 of the Dungeon)

   It inflicts extra damage upon your enemies.
   Int:       It affects your intelligence (-4).
   rF:        It protects you from fire.
   Stlth:     It makes you more stealthy.
Missiles
 d - 689 stones {throwing}
 e - 9 throwing nets {=f!fthrowing}
 g - 42 poisoned darts {throwing}
 o - 7 javelins {throwing}
 r - 11 boomerangs (quivered) {throwing}
Armour
 a - a +1 buckler (worn)
Jewellery
 h - a ring of poison resistance
   (You found it on level 11 of the Dungeon)
 i - a +4 ring of slaying (left tentacle)
   (You found it on level 1 of the Dungeon)
 l - the ring of the Hare (on tentacle) {EV+8}
   (You bought it in a shop on level 1 of the Shoals)

   [ring of evasion]

   EV:        It affects your evasion (+8).
 t - the amulet "Rygrir" (around mantle) {Spirit Int+3 Slay+3}
   (You bought it in a shop on level 2 of the Shoals)

   [amulet of guardian spirit]

   It causes incoming damage to be divided between your reserves of health and
   magic.
   Int:       It affects your intelligence (+3).
   Slay:      It affects your accuracy & damage with ranged weapons and melee
   (+3).
 u - a ring of see invisible
   (You took it off a kobold on level 3 of the Dungeon)
 v - a +4 ring of slaying (on tentacle)
   (You found it on level 4 of the Dungeon)
 w - a +6 ring of dexterity (on tentacle)
   (You found it on level 4 of the Dungeon)
 y - a +4 ring of evasion (on tentacle)
   (You bought it in a shop on level 2 of the Orcish Mines)
 z - a ring of wizardry
   (You took it off a merfolk on level 2 of the Shoals)
 E - a +6 ring of dexterity (right tentacle)
   (You found it on level 14 of the Dungeon)
 G - the ring of Kiproh (on tentacle) {rElec rC+ Str+6}
   (You acquired it in a sewer)

   [ring of strength]

   Str:       It affects your strength (+6).
   rC:        It protects you from cold.
   rElec:     It insulates you from electricity.
 M - a +6 ring of strength (on tentacle)
   (You found it on level 6 of the Dungeon)
 T - a ring of magical power
   (You found it on level 5 of the Lair of Beasts)
Wands
 F - a wand of charming (1)
   (You found it on level 13 of the Dungeon)
 I - a wand of mindburst (2)
   (You found it on level 12 of the Dungeon)
 L - a wand of flame (60)
   (You found it on level 5 of the Dungeon)
 W - a wand of acid (10)
   (You found it on level 13 of the Dungeon)
 Y - a wand of iceblast (13)
   (You found it on level 9 of the Dungeon)
Scrolls
 c - 2 scrolls of enchant armour
 q - a scroll of brand weapon
 s - 5 scrolls of fog
 D - 5 scrolls of teleportation {@r4}
 K - 2 scrolls of fear
 P - 5 scrolls of blinking {!r}
 S - 3 scrolls of magic mapping {!r}
 U - 5 scrolls of identify {@r1}
Potions
 b - 6 potions of might
 f - 2 potions of magic
 j - a potion of berserk rage {!q}
 k - 2 potions of flight
 p - a potion of invisibility
 x - 2 potions of resistance
 A - 7 potions of haste {@q3}
 B - 2 potions of mutation {!q}
 C - a potion of brilliance
 O - 3 potions of ambrosia
 Z - 2 potions of cancellation
Miscellaneous
 m - a condenser vane
   (You found it on level 2 of the Shoals)
 n - a piece from Xom's chessboard (15/15)
   (You found it on level 2 of the Lair of Beasts)
 Q - a lightning rod (4/4)
   (You found it on level 14 of the Dungeon)
 V - a phial of floods
   (You found it on level 5 of the Lair of Beasts)

Dungeon Overview and Level Annotations

Branches:
Dungeon (15/15)            Temple (0/1) D:5            Lair (6/6) D:8
 Shoals (4/4) Lair:4       Spider (0/4) Lair:4        Slime (0/5) Lair:5
    Orc (2/2) D:11            Elf (0/3) Orc:2        Vaults (0/5) D:13
 Depths (0/4) D:15          Sewer (visited)

Altars:
Ashenzari
Gozag
Hepliaklqana
Makhleb
Okawaru
Trog
Wu Jian
Zin
The Shining One
Beogh
Jiyva

Shops:
Orc:2 *?==   Shoals:1 =   Shoals:2 [==

Annotations:
D:5 3 runed translucent doors, yahweh's ghost, weakling GnDe
D:13 exclusion: hydra
D:14 2 transporters, Onwo's ghost, journeyman DDNe
Lair:3 3 runed translucent doors, taxman66's ghost, journeyman FoFi
Lair:5 2 transporters, Ciataod's ghost, journeyman DEVM
Lair:6 exclusion: ice statue
Orc:1 3 runed translucent doors, SirDiesAlot's ghost, journeyman MiBe

..P......#...(....
.P....m.....(.....
P.................
...m.....(<....$..
.PP........mc<....
.........≈.S......
.....m≈≈≈m≈≈......
.#PPP#$$$m≈≈≈..≈..
P#..P#$@$≈≈≈......
P......$.m......≈≈
P......$.....<..≈≈
#......#.......≈≈
...:...#......≈≈
c.....# ....≈≈≈
...... ...≈≈≈≈
.PP.^. .≈≈≈≈≈≈
.#P..# ≈≈≈≈≈≈≈


You could see a merfolk javelineer, a sea snake, 5 merfolk, 2 fauns and a water
nymph.


Message History

The merfolk seems to regain its courage.
The faun shoots a sling bullet.
The sling bullet misses the merfolk.
The sling bullet completely misses you.
The sling bullet hits the merfolk impaler!
The merfolk throws a boomerang of dispersal.
The boomerang of dispersal misses you. The merfolk barely misses you.
Things that are here:
25 gold pieces; a +2 vampiric trident {polearm}; a throwing net {=f!fthrowing} 😮 HP[+1]
The sea snake hisses angrily.
The merfolk shouts!
You slice the merfolk!!
You kill the merfolk!
You slash the plant!
The plant begins to die.
The water nymph seems to regain its courage.
The merfolk impaler is no longer distracted by gold.
The merfolk seems to regain its courage.
The merfolk is no longer distracted by gold.
The water nymph points at you and mumbles some strange words.
The water swirls and strikes you!!
* * * LOW HITPOINT WARNING * * *
The faun shoots a sling bullet.
The sling bullet completely misses you.
The sling bullet hits the snapping turtle!
The faun unwields a +0 quarterstaff.
The faun wields a +0 hunting sling.
The faun shoots a sling bullet.
You block the sling bullet.
The snapping turtle completely misses you.
The merfolk javelineer throws a silver javelin.
The silver javelin completely misses you. 😨 HP[-28] MP[-1]
You take 28 damage, and now have 78/183 hp.
You lost 1 mp, and now have 1/17 mp.
The faun unwields a +0 hunting sling.
The faun wields a +0 spear.
The faun completely misses you.
Things that are here:
8 gold pieces; a +0 trident {polearm} You slice the faun!!
You grab the faun. You slash the plant! You constrict the faun.
The merfolk javelineer throws a silver javelin.
The silver javelin completely misses you. 😨 HP[+1]
You strike the helpless faun from behind!
You slice the faun!!
You kill the faun!
You slash the plant!
You strike the helpless snapping turtle from behind!
You slash the snapping turtle!
A nearby plant withers and dies.
The sea snake is no longer distracted by gold.
The faun is distracted by your dazzling golden aura.
The merfolk throws a boomerang.
You block the boomerang.
The snapping turtle completely misses you.
You now have 184 max hp (+1).
Don't expect to remain undetected while in the water.
The sea snake is distracted by your dazzling golden aura.
The merfolk completely misses you.
The merfolk javelineer throws a silver javelin.
The silver javelin pierces through you!!
* * * LOW HITPOINT WARNING * * *
The silver sears you!
* * * LOW HITPOINT WARNING * * *
Things that are here:
25 gold pieces; a +2 vampiric trident {polearm}; a throwing net {=f!fthrowing} 😨 HP[-24] MP[-1]
You take 24 damage, and now have 55/184 hp.
You lost 1 mp, and now have 0/17 mp.
The sea snake hisses angrily.
The faun shouts!
You slice the merfolk!! You grab the merfolk. You squeeze the merfolk.
You slice the snapping turtle!!
You flicker for a moment.
You constrict the merfolk.
The faun is no longer distracted by gold.
You block the snapping turtle's attack.
The water nymph is distracted by your dazzling golden aura.
The faun shoots a sling bullet.
The sling bullet completely misses you. The merfolk completely misses you.
The merfolk is distracted by your dazzling golden aura.
The merfolk javelineer throws a silver javelin.
The silver javelin pierces through the merfolk!!
The silver javelin pierces through you!!
* * * LOW HITPOINT WARNING * * *
The silver sears you!
* * * LOW HITPOINT WARNING * * *
The merfolk is distracted by your dazzling golden aura. x2 😱 HP[-34]
You take 34 damage, and now have 21/184 hp.
Unknown command.
Unknown command.
Unknown command.
You are too berserk!
You are too berserk!
Okay, then.
You strike the helpless merfolk from behind!
You slash the merfolk!
You kill the merfolk!
You hear a splash.
The water nymph shouts!
The merfolk shouts! x2
You hit the snapping turtle.
You kill the snapping turtle!
The water nymph is no longer distracted by gold.
The water nymph casts a spell at you. The water swirls and strikes you!!
You die...
Your body crumbles into a pile of gold.

Skill      XL: |  1  2  3  4  5  6  7  8  9 10 11 12 13 14 15 16 17 |
---------------+----------------------------------------------------+-----
Dodging        | 4 5 6 7 8 10 12 13 14 16 18 19 20 | 20.4
Shields        | 4 5 6 8 10 11 12 14 15 | 15.6
Fighting       | 5 7 9 10 13 15 16 | 16.1
Throwing       | 6 8 |  8.0
Axes           | 1 |  1.0
Unarmed Combat | |  2.0

Action                   |  1- 3 |  4- 6 |  7- 9 | 10-12 | 13-15 | 16-18 || total
-------------------------+-------+-------+-------+-------+-------+-------++-------
Melee: Unarmed           |    68 |       |       |       |       |       ||    68
       Constrict         |    18 |    21 |    65 |    49 |    83 |    81 ||   317
       Tentacles         |    12 |    21 |    44 |    77 |   198 |   168 ||   520
       Punch             |     1 |     1 |     9 |     9 |    18 |    19 ||    57
       Short sword       |    14 |    86 |   181 |   167 |       |       ||   448
       Hand axe          |       |       |       |    92 |   617 |   427 ||  1136
       Staff             |       |       |       |       |     8 |       ||     8
Throw: Stone             |       |       |       |    18 |    98 |    24 ||   140
       Boomerang         |       |       |       |       |   165 |    41 ||   206
       Dart              |       |       |       |       |    27 |     6 ||    33
       Throwing net      |       |       |       |       |     1 |       ||     1
       Javelin           |       |       |       |       |       |     2 ||     2
Invok: Potion Petition   |       |       |       |       |     4 |     2 ||     6
       Call Merchant     |       |       |       |       |       |     4 ||     4
Evoke: Wand              |       |       |       |       |     5 |       ||     5
       Phial of floods   |       |       |       |       |     2 |       ||     2
       Piece from Xom's  |       |       |       |       |     1 |       ||     1
  Use: Scroll            |     1 |     7 |     5 |     9 |    13 |     2 ||    37
       Potion            |     1 |       |       |     5 |     3 |     8 ||    17
 Stab: Sleeping          |    10 |    13 |    12 |     8 |    16 |    11 ||    70
       Distracted        |       |       |     1 |     3 |    10 |     4 ||    18
       Invisible         |       |       |       |       |     6 |     2 ||     8
       Petrifying        |       |       |       |       |       |     2 ||     2
Armor: Skin              |    11 |     5 |     3 |     4 |    26 |     8 ||    57
Dodge: Dodged            |    43 |    37 |   109 |   218 |   743 |   673 ||  1823
Block: Buckler           |    18 |    17 |    61 |   118 |   423 |   306 ||   943

Levels and vault maps discovered:
D:1:      sevenhm_arrival_forest_fort_small_6, layout_basic,
          hellmonk_ecumenical_altar_zigzags
D:2:      layout_rooms, uniq_jessica
D:3:      layout_loops_ring, nicolae_overflow_crystal_walls,
          kennysheep_generic_room_7
D:4:      layout_rooms, cheibrodos_sewer_entry_bend, uniq_sigmund
D:5:      layout_cave_pools, evilmike_ruin_ashenzari, grunt_gozag_breadcrumbs,
          minmay_temple_entry_glassed_door, gammafunk_ghost_split,
          nrook_campfire, st_stairs_6
D:6:      nicolae_cairo_tiling_very_big, layout_cave_pools, uniq_pikel,
          uniq_blork_the_orc, uniq_edmund, uniq_prince_ribbit1
D:7:      layout_cave_pods, mainiacjoe_overflow_small_starburst,
          mainiacjoe_overflow_alcove_4
D:8:      layout_cave_pods, lair_entry_dummy
D:9:      layout_roguey, hangedman_abyss_or_decor_passed
D:10:     layout_cave_pods, lemuel_doored_altar, nicolae_overflow_hidden_temple
D:11:     layout_basic, david_orc_3, worldfamousw_hep_ancestral_shrine
D:12:     layout_big_octagon, kennysheep_path_1
D:13:     kennysheep_room_grid, layout_rooms,
          hangedman_vaults_entry_quadrant_bands
D:14:     cheibrodos_lost_city_excavation, layout_loops_corners,
          gammafunk_ghost_arena, uniq_roxanne
D:15:     grunt_enter_depths_hoard, layout_layer_cave, hangedman_decor_lopped
Lair:1:   layout_chaotic_city, serial_bayou_shore_a
Lair:2:   layout_regular_city
Lair:3:   layout_regular_city, gammafunk_ghost_split
Lair:4:   layout_regular_city, minmay_shoals_entry_beasts,
          spider_nest_entry_funnel_web, nicolae_quartered_pool_little
Lair:5:   layout_hall_layers, slime_altar_1, enter_volcano_1,
          gammafunk_ghost_wrathful_warriors, grunt_megastairs_3
Lair:6:   due_jungle_book, layout_regular_city, nicolae_lair_lil_pond,
          ice2_lemuel, lemuel_fruit_fields, lemuel_fruit_fields,
          serial_bayou_shore_b
Shoals:1: layout_shoals
Shoals:2: layout_shoals, uniq_ilsuiw, uniq_kirke
Shoals:3: layout_shoals, st_cyclops
Shoals:4: shoals_end_grunt_garden, layout_shoals, shoals_ilsuiw_alternative,
          ebering_ghost_rock_garden, nicolae_shoals_sun_and_surf
Orc:1:    layout_caves, basic_altar, ebering_ghost_rock_garden, uniq_fannar
Orc:2:    st_orc_open, layout_caves, portal_ice_cave_entry_imps, basic_altar

Notes
Turn   | Place    | Note
-------+----------+-------------------------------------------
     0 | D:1      | spaghetti the Octopode Fighter began the quest for the Orb.
     0 | D:1      | Reached XP level 1. HP: 16/16 MP: 1/1
     0 | D:1      | magus.rc [v1.9.6]
   246 | D:1      | Reached XP level 2. HP: 12/21 MP: 2/2
   562 | D:1      | Reached skill level 4 in Dodging
   564 | D:1      | HP: 5/21 [constriction (1)]
   565 | D:1      | Reached XP level 3. HP: 6/26 MP: 3/3
  1057 | D:1      | You pick up a book of Necromancy and begin reading...
  1057 | D:1      | You add the spells Pain, Animate Skeleton and Vampiric
                  | Draining to your library.
  1106 | D:1      | You pick up a book of Necromancy and begin reading...
  1146 | D:1      | Found a faded altar of an unknown god.
  1485 | D:2      | Noticed Jessica
  1490 | D:2      | Killed Jessica
  1491 | D:2      | Reached XP level 4. HP: 15/31 MP: 2/4
  2197 | D:3      | Found an iron altar of Okawaru.
  2291 | D:3      | Reached skill level 5 in Dodging
  2291 | D:3      | Reached XP level 5. HP: 34/36 MP: 3/5
  2301 | D:3      | Reached skill level 4 in Shields
  2305 | D:3      | You add the spells Sting, Poisonous Vapours and Olgreb's
                  | Toxic Radiance to your library.
  2742 | D:3      | Identified +0 gold dragon scales
  3040 | D:4      | Reached XP level 6. HP: 41/42 MP: 6/6
  3355 | D:4      | Noticed Sigmund
  3360 | D:4      | Killed Sigmund
  3361 | D:4      | Reached skill level 6 in Dodging
  3361 | D:4      | Reached skill level 5 in Shields
  3361 | D:4      | Reached XP level 7. HP: 46/46 MP: 7/7
  3497 | D:4      | Found a glowing drain.
  3516 | Sewer    | Entered a sewer
  3760 | Sewer    | Reached skill level 6 in Shields
  3944 | Sewer    | Reached skill level 7 in Dodging
  3982 | Sewer    | Identified a scroll of acquirement
  3982 | Sewer    | Acquired the ring of Kiproh {rElec rC+ Str+6}
  4266 | D:5      | Entered Level 5 of the Dungeon
  4591 | D:5      | Found a runed translucent gate.
  4592 | D:5      | Found a runed translucent gate.
  4593 | D:5      | Found a runed translucent gate.
  4607 | D:5      | Noticed yahweh's ghost (weakling GnDe)
  4716 | D:5      | Reached XP level 8. HP: 52/52 MP: 8/8
  4738 | D:5      | Found a broken altar of Ashenzari.
  4876 | D:5      | Reached skill level 7 in Shields
  4981 | D:5      | Found an opulent altar of Gozag.
  5075 | D:5      | Found a staircase to the Ecumenical Temple.
  5105 | D:5      | Became a worshipper of Gozag Ym Sagoz the Greedy
  5346 | D:6      | Reached skill level 8 in Dodging
  5582 | D:6      | Noticed a shadow
  5590 | D:6      | Killed a shadow
  5817 | D:6      | Reached skill level 8 in Shields
  5838 | D:6      | Reached XP level 9. HP: 55/56 MP: 9/9
  5864 | D:6      | Noticed Edmund
  5870 | D:6      | Reached skill level 9 in Dodging
  5875 | D:6      | Killed Edmund
  5888 | D:6      | Noticed Blork the orc
  5891 | D:6      | Killed Blork the orc
  6085 | D:6      | Noticed Prince Ribbit
  6089 | D:6      | Killed Prince Ribbit
  6090 | D:6      | Reached skill level 9 in Shields
  6300 | D:6      | Noticed Pikel
  6309 | D:6      | Killed Pikel
  6310 | D:6      | Reached skill level 10 in Dodging
  6502 | D:7      | Noticed a gargoyle
  6508 | D:7      | Killed a gargoyle
  6510 | D:7      | Reached skill level 10 in Shields
  6510 | D:7      | Reached XP level 10. HP: 52/63 MP: 8/10
  6513 | D:7      | Found a glowing silver altar of Zin.
  7008 | D:7      | Found a glowing golden altar of the Shining One.
  7203 | D:7      | Reached skill level 11 in Dodging
  7976 | D:8      | Found a staircase to the Lair.
  8313 | D:8      | Reached skill level 11 in Shields
  8394 | D:8      | You fall into a shaft and drop 2 floors!
  8394 | D:10     | Entered Level 10 of the Dungeon
  8940 | D:10     | Found an ornate altar of the Wu Jian Council.
  9357 | D:9      | Noticed a cyclops
  9369 | D:9      | Killed a cyclops
  9370 | D:9      | Reached skill level 12 in Dodging
  9377 | D:9      | Reached XP level 11. HP: 25/67 MP: 4/11
  9617 | D:9      | Reached skill level 12 in Shields
  9687 | D:9      | Identified the +9 hand axe "Jytausas" {vorpal, rF+ Int-4
                  | Stlth+}
  9965 | D:9      | Gained mutation: You are clumsy. (Dex -2) [potion of
                  | mutation]
 10033 | D:9      | Noticed a two-headed ogre
 10051 | D:9      | HP: 15/67 [two-headed ogre/+0 giant spiked club (18)]
 10053 | D:9      | Killed a two-headed ogre
 10609 | D:8      | Noticed a two-headed ogre
 10615 | D:8      | Killed a two-headed ogre
 10815 | D:8      | Lost mutation: You are clumsy. (Dex -2) [potion of
                  | mutation]
 10815 | D:8      | Gained mutation: You are agile. (Dex +2) [potion of
                  | mutation]
 10815 | D:8      | Gained mutation: You are somewhat resistant to further
                  | mutation. [potion of mutation]
 10949 | D:10     | Found a burning altar of Makhleb.
 10950 | D:10     | You pick up a book of Blasting and begin reading...
 10950 | D:10     | You add the spells Fulminant Prism, Iskenderun's Mystic
                  | Blast and Lee's Rapid Deconstruction to your library.
 11000 | D:10     | Noticed a two-headed ogre
 11014 | D:10     | Killed a two-headed ogre
 11015 | D:10     | Reached skill level 13 in Dodging
 11506 | D:11     | Noticed a two-headed ogre
 11517 | D:11     | Killed a two-headed ogre
 11807 | D:11     | Identified a potion of experience
 11812 | D:11     | Reached skill level 5 in Fighting
 11812 | D:11     | Reached skill level 6 in Throwing
 11812 | D:11     | Reached XP level 12. HP: 78/78 MP: 12/12
 11868 | D:11     | Reached skill level 7 in Throwing
 12061 | D:11     | Noticed a two-headed ogre
 12071 | D:11     | Killed a two-headed ogre
 12582 | D:11     | Found a staircase to the Orcish Mines.
 12602 | D:11     | You pick up a book of Frost and begin reading...
 12602 | D:11     | You add the spells Freeze, Frozen Ramparts and Hailstorm to
                  | your library.
 12845 | D:11     | Found a hazy altar of Hepliaklqana.
 12869 | D:12     | Noticed a two-headed ogre
 12871 | D:12     | HP: 15/78 [skeletal warrior/+0 glaive (25)]
 13242 | D:12     | Noticed a death knight
 13420 | Lair:1   | Entered Level 1 of the Lair of Beasts
 13433 | Lair:1   | Reached skill level 8 in Throwing
 13439 | Lair:1   | Reached skill level 6 in Fighting
 13664 | Lair:1   | Reached skill level 7 in Fighting
 13878 | Lair:1   | Reached XP level 13. HP: 84/88 MP: 11/13
 13908 | Lair:1   | Reached skill level 8 in Fighting
 14340 | Lair:1   | You pick up a book of Beasts and begin reading...
 14340 | Lair:1   | You add the spells Summon Ice Beast, Summon Mana Viper and
                  | Monstrous Menagerie to your library.
 14595 | Lair:2   | Reached skill level 9 in Fighting
 14595 | Lair:2   | Reached skill level 13 in Shields
 15469 | Lair:2   | Reached skill level 14 in Dodging
 16122 | Lair:3   | Found a runed translucent gate.
 16122 | Lair:3   | Found a runed translucent gate.
 16243 | Lair:3   | Reached skill level 14 in Shields
 16391 | Lair:3   | Acquired 1163 gold pieces
 16445 | Lair:3   | You pick up a book of Misfortune and begin reading...
 16445 | Lair:3   | You add the spells Confusing Touch, Yara's Violent
                  | Unravelling and Enfeeble to your library.
 16710 | Lair:3   | Found a runed translucent gate.
 16714 | Lair:3   | Noticed taxman66's ghost (journeyman FoFi)
 16915 | Lair:4   | Found a staircase to the Shoals.
 17442 | Lair:4   | HP: 19/90 [death yak (20)]
 17442 | Lair:4   | HP: 6/90 [death yak (13)]
 17466 | Lair:4   | HP: 4/90 [cane toad (8)]
 17734 | Lair:4   | Reached XP level 14. HP: 67/97 MP: 8/14
 17737 | Lair:4   | Reached skill level 15 in Dodging
 18505 | Lair:4   | Reached skill level 15 in Shields
 18605 | Lair:4   | Found a hole to the Spider Nest.
 18729 | Lair:5   | Found a transporter.
 18745 | Lair:5   | Noticed Ciataod's ghost (journeyman DEVM)
 18750 | Lair:5   | Found a transporter.
 18755 | Lair:5   | Found a bloodstained altar of Trog.
 18898 | Lair:5   | Found a dark tunnel.
 18936 | Lair:5   | HP: 24/97 [poisoned by a black mamba]
 19708 | Lair:5   | Found a viscous altar of Jiyva.
 19708 | Lair:5   | Found a staircase to the Slime Pits.
 19966 | Lair:6   | Entered Level 6 of the Lair of Beasts
 20567 | Lair:6   | You pick up a book of the Sky and begin reading...
 20567 | Lair:6   | You add the spells Summon Lightning Spire, Storm Form and
                  | Maxwell's Capacitive Coupling to your library.
 20642 | Lair:6   | Reached skill level 16 in Dodging
 20653 | Lair:6   | HP: 23/97 [dream sheep (3)]
 21330 | Lair:6   | HP: 19/98 [seven-headed hydra (10)]
 21939 | Lair:6   | Reached skill level 10 in Fighting
 22367 | Orc:1    | Entered Level 1 of the Orcish Mines
 22367 | Orc:1    | Noticed Fannar
 22373 | Orc:1    | Killed Fannar
 22761 | Orc:1    | Found a runed translucent gate.
 22762 | Orc:1    | Found a runed translucent gate.
 22763 | Orc:1    | Found a runed translucent gate.
 22776 | Orc:1    | Reached XP level 15. HP: 105/105 MP: 15/15
 22781 | Orc:1    | Noticed SirDiesAlot's ghost (journeyman MiBe)
 22989 | Orc:2    | Entered Level 2 of the Orcish Mines
 23654 | Orc:2    | Found a staircase to the Elven Halls.
 24094 | Orc:2    | Reached skill level 17 in Dodging
 24097 | Orc:2    | Reached skill level 11 in Fighting
 24916 | Orc:2    | Found Mameut's General Store.
 24918 | Orc:2    | Found Uvuisk's Magic Scroll Boutique.
 24922 | Orc:2    | Found Googoezu's Jewellery Shop.
 24923 | Orc:2    | Found Hemnyj's Jewellery Boutique.
 25253 | Orc:2    | Bought a +4 ring of evasion for 540 gold pieces
 26000 | D:12     | Reached skill level 12 in Fighting
 26002 | D:12     | HP: 40/162 [manticore (10)]
 27056 | D:13     | Reached skill level 18 in Dodging
 27335 | D:13     | You pick up a book of Misfortune and begin reading...
 27533 | D:13     | Reached skill level 13 in Fighting
 27698 | D:13     | Acquired a +0 broad axe of electrocution
 27902 | D:13     | Found a gate to the Vaults.
 27953 | D:13     | You add the spells Cause Fear, Leda's Liquefaction and
                  | Necromutation to your library.
 27953 | D:13     | Got Kinazonk's Catalogue of Black Magic and Bewitchment
 28022 | D:13     | You pick up a book of the Wilderness and begin reading...
 28022 | D:13     | You add the spells Summon Forest and Summon Cactus Giant to
                  | your library.
 28082 | D:13     | Reached XP level 16. HP: 117/117 MP: 16/16
 28100 | D:13     | You pick up a book of Hexes and begin reading...
 28100 | D:13     | You add the spells Inner Flame and Discord to your library.
 28265 | D:14     | Identified Roxanne's Tome of the Mountains
 28265 | D:14     | Noticed Roxanne
 28289 | D:14     | Killed Roxanne
 28290 | D:14     | Reached skill level 1 in Axes
 28291 | D:14     | You add the spells Passwall, Stone Arrow, Statue Form and
                  | Lehudib's Crystal Spear to your library.
 28336 | D:14     | Found a transporter.
 28340 | D:14     | Noticed a tengu reaver
 28342 | D:14     | Noticed Onwo's ghost (journeyman DDNe)
 28353 | D:14     | Found a transporter.
 29531 | D:14     | You add the spells Ensorcelled Hibernation and Tukima's
                  | Dance to your library.
 29531 | D:14     | Got the Almanac of Fire and Bewitchment
 29533 | D:14     | You add the spells Sandblast, Summon Small Mammal and
                  | Dragon's Call to your library.
 29533 | D:14     | Got the Catalogue of Supportive Stones
 29670 | D:15     | Entered Level 15 of the Dungeon
 30027 | D:15     | HP: 27/118 [centaur warrior (4)]
 30889 | D:15     | Reached skill level 14 in Fighting
 31072 | D:15     | Found a staircase to the Depths.
 31818 | Shoals:1 | Entered Level 1 of the Shoals
 31840 | Shoals:1 | Reached skill level 19 in Dodging
 32743 | Shoals:1 | Bought the ring of the Hare {EV+8} for 1920 gold pieces
 32743 | Shoals:1 | Found the ring of the Hare {EV+8}
 33279 | Shoals:2 | Noticed Kirke
 33282 | Shoals:2 | Noticed a sphinx
 33287 | Shoals:2 | Killed Kirke
 33297 | Shoals:2 | Reached skill level 15 in Fighting
 34007 | Shoals:2 | Bought the amulet "Rygrir" {Spirit Int+3 Slay+3} for 1062
                  | gold pieces
 34166 | Shoals:2 | Noticed a kraken
 34174 | Shoals:2 | Killed a kraken
 34175 | Shoals:2 | Reached XP level 17. HP: 112/127 MP: 14/17
 34637 | Shoals:2 | Noticed Ilsuiw
 34654 | Shoals:2 | Reached skill level 20 in Dodging
 34663 | Shoals:2 | HP: 26/127 [water elemental[Ilsuiw] (6)]
 34673 | Shoals:2 | Killed Ilsuiw
 34936 | Shoals:2 | Identified the +1 ring mail of Ukil {Harm Rampage rPois
                  | Int-2}
 36148 | Shoals:3 | Reached skill level 16 in Fighting
 36813 | Shoals:4 | Entered Level 4 of the Shoals
 36828 | Shoals:4 | HP: 31/128 [water nymph/the raging water (12)]
 36833 | Shoals:4 | HP: 25/124 [merfolk aquamancer/+1 rapier of draining (16)]
 36846 | Shoals:4 | HP: 30/184 [merfolk javelineer/silver javelin (26)]
 36847 | Shoals:4 | Killed from afar by a water nymph

Vanquished Creatures
  A kraken (Shoals:2)
  Kirke (Shoals:2)
  Ilsuiw (Shoals:2)
  Roxanne (D:14)
  3 merfolk javelineers (Shoals:2)
  A fire dragon (D:15)
  3 merfolk impalers (Shoals:2)
  5 hydras
  Fannar (Orc:1)
  2 boulder beetles
  3 ogre magi
  5 merfolk aquamancers
  6 centaur warriors
  2 ice dragons
  A catoblepas (D:15)
  An alligator snapping turtle (Shoals:3)
  2 death knights
  2 merfolk avatars (Shoals:1)
  15 two-headed ogres
  A satyr (Shoals:3)
  11 death yaks
  A deep elf knight (D:13)
  4 skeletal warriors
  A sea snake (shapeshifter) (D:13)
  2 deep trolls (Orc:2)
  9 sea snakes
  2 wizards (D:14)
  Pikel (D:6)
  8 harpies
  2 orc knights
  9 deep elf pyromancers
  A deep elf zephyrmancer (D:13)
  17 fauns
  6 ugly things
  5 manticores
  15 cyclopes
  13 elephants (Lair:6)
  5 black mambas
  8 merfolk sirens
  4 water nymphs
  A gargoyle (D:7)
  9 cane toads
  5 yaktaurs
  2 kobold demonologists (D:13)
  10 komodo dragons
  A rime drake (Lair:6)
  A tengu conjurer (D:14)
  23 merfolk
  3 meliai (D:13)
  14 trolls
  5 wind drakes
  6 polar bears
  Prince Ribbit (D:6)
  13 slime creatures
  3 dream sheep (Lair:6)
  5 blink frogs (Lair:3)
  8 snapping turtles
  Sigmund (D:4)
  A jumping spider (Lair:4)
  A culicivora (Lair:4)
  2 shadows
  A culicivora (shapeshifter) (D:13)
  7 wyverns
  13 water elementals
  A vampire (D:10)
  A hog (Shoals:2)
  7 basilisks
  3 steam dragons
  2 wraiths (D:13)
  55 yaks
  3 fire elementals (D:14)
  A vampire mosquito (D:13)
  A redback (Lair:4)
  Edmund (D:6)
  4 acid dragons
  15 water moccasins
  A black bear (Lair:3)
  A sky beast (D:7)
  12 ice beasts
  13 orc warriors
  18 ogres
  15 centaurs
  23 wolves
  2 lemures (D:6)
  7 kobold brigands
  15 bullfrogs
  Blork the orc (D:6)
  3 scorpions
  12 wights
  3 killer bees (D:7)
  10 howler monkeys
  5 electric eels
  A lava snake (D:12)
  13 orc priests
  A hound (D:4)
  Jessica (D:2)
  7 iguanas
  16 orc wizards
  6 hell rats (Lair:6)
  A gnoll (D:1)
  6 river rats (Sewer)
  12 adders
  A shadow imp (D:6)
  12 white imps (Orc:2)
  3 worms
  2 dart slugs
  53 orcs
  5 bats
  8 endoplasms
  3 giant cockroaches
  6 goblins
  9 hobgoblins
  6 jackals
  41 kobolds
  5 quokkas
  13 ball pythons
  4 frilled lizards
  24 rats
  2 butterflies (Lair:6)
  A tentacle (Shoals:2)
814 creatures vanquished.

Vanquished Creatures (collateral kills)
  A two-headed ogre (D:9)
  A dream sheep (Lair:6)
  A basilisk (Lair:6)
3 creatures vanquished.

Vanquished Creatures (others)
  A faun (Shoals:2)
  A cyclops (D:15)
  A water nymph (Shoals:4)
  A merfolk (Shoals:4)
  A water elemental (Shoals:4)
  A human (Shoals:2)
  2 centaurs (D:13)
  An adder (D:6)
  A bush (Lair:4)
  38 fungi
  188 plants
  6 tentacles (Shoals:2)
  11 withered plants (Lair:6)
253 creatures vanquished.

Grand Total: 1070 creatures vanquished

Table legend:
 A = Non-vault XP
 B = Vault XP
 C = Vault XP percentage of total XP
 D = Non-vault monster count
 E = Vault monster count
 F = Vault count percentage of total count
                 A         B        C        D         E       F
            +---------+---------+-------+---------+---------+-------
      Total |  148369 |   50351 |  25.3 |     622 |     195 |  23.9
            +---------+---------+-------+---------+---------+-------
        D:1 |      63 |       0 |   0.0 |      28 |       0 |   0.0
        D:2 |      20 |      37 |  64.9 |      12 |       1 |   7.7
        D:3 |     137 |      11 |   7.4 |      22 |       4 |  15.4
        D:4 |     240 |     236 |  49.6 |      23 |       2 |   8.0
        D:5 |     514 |       0 |   0.0 |      15 |       0 |   0.0
        D:6 |    1472 |    1168 |  44.2 |      27 |       4 |  12.9
        D:7 |    2170 |       0 |   0.0 |      29 |       0 |   0.0
        D:8 |    1882 |       0 |   0.0 |      21 |       0 |   0.0
        D:9 |    3354 |       0 |   0.0 |      25 |       0 |   0.0
       D:10 |    1884 |       0 |   0.0 |      17 |       0 |   0.0
       D:11 |    4002 |     264 |   6.2 |       7 |       5 |  41.7
       D:12 |    7809 |       0 |   0.0 |      19 |       0 |   0.0
       D:13 |    6614 |   10982 |  62.4 |      21 |      29 |  58.0
       D:14 |    5858 |    3849 |  39.7 |      15 |       7 |  31.8
       D:15 |    8498 |    1789 |  17.4 |      20 |       2 |   9.1
     Lair:1 |    6176 |       0 |   0.0 |      30 |       0 |   0.0
     Lair:2 |    7778 |       0 |   0.0 |      34 |       0 |   0.0
     Lair:3 |    7548 |       0 |   0.0 |      38 |       0 |   0.0
     Lair:4 |    8191 |    1419 |  14.8 |      19 |       5 |  20.8
     Lair:5 |    6154 |    1484 |  19.4 |      14 |       4 |  22.2
     Lair:6 |   14490 |    2208 |  13.2 |      50 |      13 |  20.6
   Shoals:1 |   18120 |       0 |   0.0 |      40 |       0 |   0.0
   Shoals:2 |   18749 |    5541 |  22.8 |      35 |       8 |  18.6
   Shoals:3 |   11356 |    4219 |  27.1 |      23 |       8 |  25.8
   Shoals:4 |    2203 |    1005 |  31.3 |       9 |       2 |  18.2
      Orc:1 |    1563 |    2128 |  57.7 |      17 |       4 |  19.0
      Orc:2 |    1524 |   13708 |  90.0 |      12 |      46 |  79.3
      Sewer |       0 |     303 | 100.0 |       0 |      51 | 100.0
            +---------+---------+-------+---------+---------+-------

Illustrated notes

Table legend:
 A = Kills in this place as a percentage of kills in entire the game.
 B = Kills by you in this place as a percentage of kills by you in the entire game.
 C = Kills by friends in this place as a percentage of kills by friends in the entire game.
 D = Other kills in this place as a percentage of other kills in the entire game.
 E = Experience gained in this place as a percentage of experience gained in the entire game.
 F = Experience gained in this place divided by the number of levels of this place that you have seen.
                   A       B       C       D       E      F
               +-------+-------+-------+-------+-------+----------------------
         Total | 100.0 | 100.0 | 100.0 | 100.0 | 100.0 | 7097.1
       Dungeon |  43.5 |  43.5 |  33.3 |  40.0 |  31.6 | 4190.2
          Lair |  25.3 |  25.3 |  66.7 |   0.0 |  27.9 | 9241.3
        Shoals |  15.3 |  15.1 |   0.0 |  60.0 |  30.8 | 15298.2
  Orcish Mines |   9.7 |   9.8 |   0.0 |   0.0 |   9.5 | 9461.5
         Sewer |   6.2 |   6.3 |   0.0 |   0.0 |   0.2 | 303.0
               +-------+-------+-------+-------+-------+----------------------

Table legend: (Time is in decaauts)
 A = Elapsed time spent in this place.
 B = Non-inter-level travel time spent in this place.
 C = Inter-level travel time spent in this place.
 D = Time resting spent in this place.
 E = Time spent auto-exploring this place.
 F = Levels seen in this place.
 G = Mean time per level.
                   A        B        C        D        E       F      G
               +--------+--------+--------+--------+--------+-----+--------+
         Total |  37203 |  35117 |   2086 |   7622 |  22159 |  28 | 1328.7 |
       Dungeon |  19681 |  18184 |   1497 |   3769 |  11936 |  15 | 1312.1 |
          Lair |   9028 |   8669 |    359 |   2172 |   5123 |   6 | 1504.7 |
        Shoals |   5104 |   4958 |    146 |    785 |   3324 |   4 | 1276.0 |
  Orcish Mines |   2745 |   2663 |     82 |    891 |   1329 |   2 | 1372.5 |
         Sewer |    643 |    643 |      0 |      4 |    447 |   1 |  643.0 |
               +--------+--------+--------+--------+--------+-----+--------+

Top non-repeatable levels by time:
    D:11: 2310 daAuts
Shoals:1: 2017 daAuts
   Orc:2: 1955 daAuts
  Lair:5: 1953 daAuts
    D:15: 1883 daAuts
Shoals:3: 1674 daAuts
    D:14: 1595 daAuts
  Lair:4: 1578 daAuts
  Lair:3: 1567 daAuts
  Lair:6: 1522 daAuts
     D:9: 1513 daAuts
Shoals:2: 1381 daAuts
    D:13: 1380 daAuts
    D:10: 1361 daAuts
     D:8: 1357 daAuts
